 Dungeon Crawl Stone Soup version 0.19.0-2-gae57169 (webtiles) character file.

332 Bekkur the Firebug (level 6, 34/41 HPs)
             Began as a Demonspawn Fire Elementalist on Nov 4, 2016.
             Quit the game on level 4 of the Dungeon.
             The game lasted 00:16:32 (3584 turns).

Bekkur the Firebug (Demonspawn Fire Elementalist)   Turns: 3584, Time: 00:16:33

Health: 34/41      AC:  3    Str:  9    XL:     6   Next: 26%
Magic:  0/9        EV: 12    Int: 16    God:
Gold:   166        SH:  0    Dex: 15    Spells: 2 memorised, 5 levels left

rFire  . . .     SeeInvis .     B - +2 dagger (flame)
rCold  . . .     Gourm    .     a - +0 robe
rNeg   . . .     Faith    .     (no shield)
rPois  .         Spirit   +     r - +0 helmet
rElec  .         Reflect  .     (no cloak)
rCorr  .         Harm     .     (no gloves)
MR     .....                    (no boots)
Stlth  +++.......               (no amulet)
                                (no ring)
                                (no ring)

@: no status effects
A: hooves 2, nightstalker 1, magic shield
a: no special abilities


You were on level 4 of the Dungeon.
You were hungry.

You visited 1 branch of the dungeon, and saw 4 of its levels.

You collected 166 gold pieces.

Inventory:

Hand Weapons
 y - a +2 short sword of speed
 B - a +2 dagger of flaming (weapon)
Armour
 a - a +0 robe (worn)
 h - a +0 shield
 r - a +0 helmet (worn)
Wands
 A - a wand of digging (14/24)
Scrolls
 f - 2 scrolls of recharging {unknown}
 g - 2 scrolls of immolation {unknown}
 i - 4 scrolls of remove curse {unknown}
 o - a scroll of amnesia {unknown}
 p - a scroll of noise {unknown}
 v - 4 scrolls of teleportation {unknown}
 x - 2 scrolls of identify {unknown}
Potions
 d - 2 potions of curing
 e - a potion of mutation {unknown}
 k - a potion of cure mutation {unknown}
 l - a potion of magic {unknown}
 n - 2 potions of heal wounds {unknown}
 q - a potion of cancellation {unknown}
 t - a potion of berserk rage {unknown}
 z - a potion of lignification {unknown}
Books
 b - a book of Flames

   Spells                             Type                      Level
   a - Flame Tongue                   Conjuration/Fire             1
   b - Throw Flame                    Conjuration/Fire             2
   c - Conjure Flame                  Conjuration/Fire             3
   d - Inner Flame                    Hexes/Fire                   3
   e - Sticky Flame                   Conjuration/Fire             4
   f - Fireball                       Conjuration/Fire             5
Comestibles
 c - 2 bread rations
 m - a meat ration
 u - 12 fruits
 w - a royal jelly


   Skills:
 - Level 1.7 Dodging
 - Level 1.7 Stealth
 - Level 2.0 Spellcasting
 * Level 4.5 Conjurations
 + Level 4.9 Fire Magic


You had 5 spell levels left.
You knew the following spells:

 Your Spells              Type           Power        Failure   Level  Hunger
a - Flame Tongue          Conj/Fire      ###..        3%          1    #......
b - Conjure Flame         Conj/Fire      ###.....     12%         3    ###....


Dungeon Overview and Level Annotations

Branches:
Dungeon (4/15)
 Temple: D:4-7

Altars:
Elyvilon
Makhleb
Uskayaw

Annotations:
D:3 Banto's ghost, amateur HESk


Innate Abilities, Weirdness & Mutations

You have hoof-like feet.
You are slightly more attuned to the shadows.
When hurt, damage is shared between your health and your magic reserves.


Message History

Confirm with . or Enter, or press ? or * to list all spells.
Aiming: Flame Tongue
Press: ? - help, Shift-Dir - straight line, f/p - ogre
Aim: an ogre, wielding a giant club (severely wounded)
The flame tongue misses the ogre.
Casting: Flame Tongue
Confirm with . or Enter, or press ? or * to list all spells.
Aiming: Flame Tongue
Press: ? - help, Shift-Dir - straight line, f/p - ogre
Aim: an ogre, wielding a giant club (severely wounded)
The flame tongue hits the ogre.
You kill the ogre!
You have reached level 6!
Your experience leads to an increase in your attributes!
Increase (S)trength, (I)ntelligence, or (D)exterity?
You feel agile.
Your demonic ancestry asserts itself...
Your feet thicken and deform.
You are feeling hungry.
Unknown command.
Are you sure you want to abandon this character and quit the game? (Confirm with "yes".)

##...## #.# ##+## #.#
####### #.# #.# ......#
#.# #.#
#####.###.######## #.#
### #.##.........# #.#
..# #.#.....####.####.#
#.# #.##...##.........#
#.###.###.###.##@######
#.............##)#
......###.######.#
####### #....O...#
##########


There were no monsters in sight!

Vanquished Creatures
  An ogre (D:4)
  Natasha (thrice) (D:2)
  A worker ant (D:4)
  6 adders
  An ooze (D:3)
  2 worms (D:2)
  A dart slug (D:3)
  3 leopard geckos
  6 orcs
  3 bats
  2 giant cockroaches (D:3)
  8 goblins
  11 hobgoblins
  2 jackals (D:1)
  A ball python (D:2)
  9 frilled lizards
  12 kobolds
  7 rats
79 creatures vanquished.

Notes
Turn   | Place    | Note
-------+----------+-------------------------------------------
     0 | D:1      | Bekkur the Demonspawn Fire Elementalist began the quest for the Orb.
     0 | D:1      | Reached XP level 1. HP: 13/13 MP: 3/3
   432 | D:1      | Gained mutation: You have large cloven feet. [demonic ancestry]
   432 | D:1      | Reached XP level 2. HP: 4/19 MP: 1/5
  1527 | D:2      | Reached XP level 3. HP: 24/24 MP: 3/6
  1560 | D:2      | Learned a level 3 spell: Conjure Flame
  1822 | D:2      | Found a burning altar of Makhleb.
  1822 | D:2      | Noticed a cacodemon
  1855 | D:2      | Found a white marble altar of Elyvilon.
  1987 | D:2      | Noticed Natasha
  1994 | D:2      | Killed Natasha
  1994 | D:2      | Gained mutation: When hurt, damage is shared between your health and your magic reserves. [demonic ancestry]
  1994 | D:2      | Reached XP level 4. HP: 23/30 MP: 2/7
  2129 | D:2      | Noticed Natasha
  2218 | D:2      | Killed Natasha
  2359 | D:2      | Noticed Natasha
  2376 | D:2      | Killed Natasha
  2376 | D:2      | Gained mutation: You are slightly more attuned to the shadows. [demonic ancestry]
  2376 | D:2      | Reached XP level 5. HP: 35/35 MP: 4/8
  3097 | D:3      | Found a hide-covered altar of Uskayaw.
  3128 | D:3      | Noticed Banto's ghost (amateur HESk)
  3481 | D:4      | Noticed an ogre
  3581 | D:4      | Killed an ogre
  3581 | D:4      | Gained mutation: You have hoof-like feet. [demonic ancestry]
  3581 | D:4      | Reached XP level 6. HP: 34/41 MP: 0/9
  3584 | D:4      | Quit the game

Skill      XL: |  1  2  3  4  5 |
---------------+----------------+-----
Fire Magic     | 3 4 |  4.9
Conjurations   | 2 3 4 |  4.5
Dodging        | |  1.7
Stealth        | |  1.7
Spellcasting   | |  2.0

Action                   |  1- 3 |  4- 6 || total
-------------------------+-------+-------++-------
Melee: Dagger            |    47 |    24 ||    71
       Unarmed           |    13 |       ||    13
       Short sword       |    14 |    30 ||    44
       Kick              |     3 |     7 ||    10
       Mace              |       |     5 ||     5
 Cast: Flame Tongue      |    50 |    69 ||   119
       Conjure Flame     |       |     3 ||     3
  Use: Potion            |       |     1 ||     1
 Stab: Sleeping          |     3 |     3 ||     6
       Distracted        |       |     1 ||     1
  Eat: Chunk             |     4 |     5 ||     9
       Pizza             |       |     1 ||     1
Armor: Robe              |    13 |    18 ||    31
Dodge: Dodged            |    53 |    52 ||   105
